 Dungeon Crawl Stone Soup version 0.30.1-9-gdf580d7c3d (webtiles) character file.

Game seed: 10804896536196442866

31842 nsfwizard01 the Severer (level 13, -4/122 HPs)
             Began as a Hill Orc Fighter on Oct 1, 2023.
             Was a Priest of Makhleb.
             Slain by an orc knight
             ... wielding a +0 dire flail
              (21 damage)
             ... on level 2 of the Orcish Mines.
             The game lasted 00:54:14 (14794 turns).

nsfwizard01 the Severer (Hill Orc Fighter)         Turns: 14794, Time: 00:54:15

Health: -4/122     AC: 24    Str: 29      XL:     13   Next: 60%
Magic:  13/13      EV: 14    Int: 11 (12) God:    Makhleb [***...]
Gold:   1058       SH:  6    Dex:  9      Spells: 12/12 levels left

rFire   . . .        l - +5 war axe (venom)
rCold   + . .        c - +0 buckler
rNeg    . . .        H - +4 chain mail {rC+}
rPois   .            u - +2 helmet
rElec   .            L - +0 cloak {Will+}
rCorr   .            I - +0 pair of gloves
SInv    +            O - +0 pair of boots
Will    +....        N - amulet of the acrobat Stlth
                     C - +6 ring of strength
HPRegen 0.40/turn    E - +5 ring of evasion
MPRegen 0.13/turn

%: acrobat
@: no status effects
A: see invisible, clever 1, deterioration 1
a: Renounce Religion, Minor Destruction, Lesser Servant of Makhleb


You were on level 2 of the Orcish Mines.
You worshipped Makhleb.
Makhleb was most pleased with you.
You visited 5 branches of the dungeon, and saw 19 of its levels.

You collected 1058 gold pieces.

Inventory:

Hand Weapons
 h - the +10 broad axe of Fragile Peace {freeze, +Blink Str+5 Int-4 SInv}
   (You acquired it on level 11 of the Dungeon)

   Str:       It affects your strength (+5).
   Int:       It affects your intelligence (-4).
   SInv:      It lets you see invisible.
   +Blink:    It lets you blink.
 l - a +5 war axe of venom (weapon)
Missiles
 z - 2 throwing nets (quivered)
Armour
 c - a +0 buckler (worn)
 u - a +2 helmet (worn)
 H - a +4 chain mail of cold resistance (worn)
 I - a +0 pair of gloves (worn)
 L - a +0 cloak of willpower (worn)
 O - a +0 pair of boots (worn)
Jewellery
 v - the ring of Ocwya {Fly rElec rPois Str-4 Slay-2}
   (You found it on level 3 of the Dungeon)

   [ring of flight]

   Str:       It affects your strength (-4).
   Slay:      It affects your accuracy & damage with ranged weapons and melee
   (-2).
   rElec:     It insulates you from electricity.
   rPois:     It protects you from poison.
   Fly:       It grants you flight.
 C - a +6 ring of strength (left hand)
 E - a +5 ring of evasion (right hand)
 N - an amulet of the acrobat (around neck)
Wands
 a - a wand of charming (1)
 b - a wand of mindburst (14)
 f - a wand of flame (3)
 D - a wand of polymorph (12)
 F - a wand of digging (4)
 G - a wand of roots (17)
 K - a wand of quicksilver (2)
Scrolls
 g - a scroll of silence
 i - a scroll of fog
 j - 4 scrolls of magic mapping
 k - 6 scrolls of teleportation
 p - a scroll of brand weapon {unknown}
 t - a scroll of amnesia
 x - 3 scrolls of blinking
 y - 3 scrolls of fear
 B - a scroll of vulnerability {unknown}
Potions
 d - 3 potions of brilliance
 e - a potion of magic
 m - 4 potions of curing
 n - 3 potions of attraction {unknown}
 o - a potion of lignification
 q - 2 potions of might
 r - a potion of haste
 s - a potion of invisibility
 w - 4 potions of flight
 A - 4 potions of mutation
 J - 2 potions of heal wounds
 M - a potion of berserk rage


   Skills:
 + Level 13.4 Fighting
 + Level 18.4 Axes
 + Level 12.2 Armour
 + Level 10.7 Shields


You had 12 spell levels left.
You didn't know any spells.
Your spell library contained the following spells:

 Spells                   Type           Power      Damage    Failure   Level
 Magic Dart               Conj           0%         1d3       77%         1
 Sandblast                Erth           0%         2d4       77%         1
 Summon Small Mammal      Summ           0%         N/A       77%         1
 Call Imp                 Summ           0%         N/A       88%         2
 Cigotuvi's Dreadful Rot  Necr/Pois/Air  0%         N/A       88%         2
 Lesser Beckoning         Tloc           0%         N/A       88%         2
 Passwall                 Tmut/Erth      0%         N/A       88%         2
 Poisonous Vapours        Pois/Air       0%         N/A       88%         2
 Sublimation of Blood     Necr           0%         N/A       88%         2
 Call Canine Familiar     Summ           0%         N/A       98%         3
 Gell's Gravitas          Tloc           0%         N/A       98%         3
 Ignite Poison            Fire/Tmut/Pois 0%         N/A       98%         3
 Mephitic Cloud           Conj/Pois/Air  0%         N/A       98%         3
 Portal Projectile        Hex/Tloc       0%         N/A       98%         3
 Stone Arrow              Conj/Erth      0%         3d7       98%         3
 Summon Guardian Golem    Hex/Summ       0%         N/A       98%         3
 Teleport Other           Tloc           0%         N/A       98%         3
 Tukima's Dance           Hex            0%         N/A       98%         3
 Petrify                  Tmut/Erth      0%         N/A       100%        4
 Blade Hands              Tmut           0%         N/A       100%        5
 Freezing Cloud           Conj/Ice/Air   0%         6-21      100%        5
 Irradiate                Conj/Tmut      0%         3d11      100%        5
 Orb of Destruction       Conj           0%         9d5       100%        7
 Spellforged Servitor     Conj/Summ      0%         N/A       100%        7


Dungeon Overview and Level Annotations

Branches:
Dungeon (12/15)            Temple (1/1) D:6            Lair (3/5) D:8
  Snake (1/4) Lair:2          Orc (2/2) D:10
  Swamp: Lair:2-3    Shoals: Lair:2-3       Elf: Orc:2

Altars:
Kikubaaqudgha
Makhleb
Nemelex Xobeh
Ru
Uskayaw
Vehumet
Wu Jian
Yredelemnul
Zin

Shops:
Orc:2 *!

Portals:
Trove: D:10 (give 7 scrolls of fear)

Annotations:
D:4 Eustachio
D:5 1 runed translucent door, BuzzardItera's ghost, amateur MiBe


Innate Abilities, Weirdness & Mutations

You have supernaturally acute eyesight. (SInv)
Your mind is acute. (Int +4, Str/Dex -1)
Your body sometimes deteriorates upon taking damage.


Message History

The orc knight hits you with a +2 bardiche!
You block the orc knight's attack.
The orc knight roars a battlecry!
You see here a +0 flail.
The orc knight misses you.
Items here: ( )) [[ ††.
The orc knight closely misses you.
Items here: )))) [[ ††.
Things that are here:
a +0 flail; a +0 leather armour
Items here: )))) [[[ †††.
Things that are here:
a +0 hand axe; a +0 leather armour
Things that are here:
a +0 trident; a +0 ring mail; an orc corpse The orc knight roars a battlecry!
The orc knight goes into a battle-frenzy!
Okay, then.
The +10 broad axe of Fragile Peace {freeze, +Blink Str+5 Int-4 SInv} stops glowing.
Your +5 war axe of venom begins to drip with poison!
l - a +5 war axe of venom (weapon)
You are no longer corroded.
The orc knight closely misses you.
You slash the orc knight!
The orc knight is poisoned.
The orc knight is severely wounded.
The orc knight barely misses you.
You closely miss the orc knight.
The orc knight is severely wounded.
You closely miss the orc knight.
The orc knight is severely wounded.
The orc knight hits you but does no damage.
Unknown command.
You barely miss the orc knight.
The orc knight is severely wounded.
You slash the orc knight!
The orc knight is poisoned.
The orc knight hits you with a +2 bardiche!!!
* * * LOW HITPOINT WARNING * * *
Your body deteriorates!
You feel dopey.
The orc knight hits you with a +0 dire flail!!
You die...

..#..##.).## o###. ##...##
# #. ##.#.## # ##...####
##)#.###.## ##
##...###...###.###
##.o.###.....#....##
##...###..##oo......##
##...###.o###@........# .
##...###.)###...........
..#...)##)o###...)).......
.....#)#.)###....).).....#
.....))))###.....).)......
#.#.#.))###......))...#...
.......###................
.#.#..###.................
.....###..................


You could see 2 orc knights.

Vanquished Creatures
  A demonspawn (Orc:2)
  3 orc high priests (Orc:2)
  3 two-headed ogres
  A skyshark (Lair:2)
  3 orc sorcerers (Orc:2)
  2 orc knights (Orc:2)
  A salamander (Lair:2)
  A cyclops (D:11)
  A black mamba (Lair:2)
  Maurice (D:12)
  A rust devil (Orc:2)
  4 cane toads (Lair:2)
  Psyche (D:10)
  Maggie (D:9)
  An unseen horror (D:12)
  2 rime drakes
  A komodo dragon (Lair:2)
  An ice devil (Orc:2)
  4 trolls
  A hornet (D:11)
  4 blink frogs (Lair:1)
  A ynoxinul (Orc:2)
  3 vampires
  A shadow (D:11)
  3 wyverns
  A wraith (D:12)
  22 yaks
  2 basilisks
  Edmund (D:5)
  6 water moccasins
  3 black bears
  Duvessa (D:4)
  19 orc warriors
  An ice beast (D:7)
  3 ogres
  3 wolves (Lair:1)
  6 centaurs (D:11)
  5 bullfrogs
  2 gnoll sergeants
  6 scorpions
  4 wights (D:9)
  Dowan (D:4)
  17 killer bees
  10 howler monkeys
  3 lava snakes (Lair:2)
  20 orc priests
  3 hounds
  2 gnoll boudas
  3 iron imps (D:10)
  21 orc wizards
  3 iguanas
  12 adders
  22 gnolls
  A shadow imp (D:6)
  4 white imps
  4 dart slugs
  70 orcs
  3 bats
  4 endoplasms
  3 giant cockroaches
  6 goblins
  6 hobgoblins
  3 jackals (D:1)
  4 kobolds
  5 quokkas
  8 ball pythons
  4 frilled lizards
  5 rats
378 creatures vanquished.

Vanquished Creatures (others)
  A human (D:8)
1 creature vanquished.

Grand Total: 379 creatures vanquished

Notes
Turn   | Place    | Note
-------+----------+-------------------------------------------
     0 | D:1      | nsfwizard01 the Hill Orc Fighter began the quest for the
                  | Orb.
     0 | D:1      | Reached XP level 1. HP: 19/19 MP: 1/1
   135 | D:1      | Reached XP level 2. HP: 26/27 MP: 2/2
   313 | D:1      | Reached skill level 3 in Axes
   561 | D:1      | Reached XP level 3. HP: 31/33 MP: 3/3
   988 | D:2      | Reached skill level 4 in Axes
  1026 | D:2      | Reached XP level 4. HP: 34/40 MP: 4/4
  1479 | D:2      | Reached XP level 5. HP: 34/46 MP: 5/5
  1925 | D:3      | Identified the ring of Ocwya {Fly rElec rPois Str-4 Slay-2}
  2016 | D:3      | Reached skill level 5 in Axes
  2168 | D:3      | Found a faded altar of an unknown god.
  2402 | D:4      | Noticed Eustachio
  2710 | D:4      | Noticed Duvessa
  2713 | D:4      | Noticed Dowan
  2803 | D:4      | Reached skill level 6 in Axes
  2803 | D:4      | Reached XP level 6. HP: 27/55 MP: 6/6
  2856 | D:4      | Reached skill level 5 in Fighting
  3173 | D:5      | Entered Level 5 of the Dungeon
  3182 | D:5      | Reached skill level 5 in Armour
  3182 | D:5      | Reached XP level 7. HP: 35/61 MP: 7/7
  3322 | D:5      | Reached skill level 7 in Axes
  3818 | D:5      | Reached skill level 8 in Axes
  3818 | D:5      | Reached XP level 8. HP: 70/70 MP: 8/8
  3922 | D:5      | Noticed BuzzardItera's ghost (amateur MiBe)
  3925 | D:5      | Found a runed translucent door.
  4064 | D:4      | Noticed Edmund
  4659 | D:5      | Gained mutation: Your mind is acute. (Int +4, Str/Dex -1)
                  | [potion of mutation]
  4659 | D:5      | Gained mutation: Your body sometimes deteriorates upon
                  | taking damage. [potion of mutation]
  4659 | D:5      | Gained mutation: You have supernaturally acute eyesight.
                  | (SInv) [potion of mutation]
  4670 | D:5      | Killed Edmund
  4860 | D:5      | Reached skill level 9 in Axes
  5086 | D:4      | Reached skill level 5 in Shields
  5112 | D:4      | Killed Duvessa
  5115 | D:4      | Killed Dowan
  5455 | D:6      | Found a radiant altar of Vehumet.
  5618 | D:6      | Found a glowing silver altar of Zin.
  5674 | D:6      | Reached skill level 10 in Axes
  5674 | D:6      | Reached XP level 9. HP: 60/78 MP: 9/9
  5779 | D:6      | Found a staircase to the Ecumenical Temple.
  5788 | Temple   | Entered the Ecumenical Temple
  6006 | D:7      | Identified the +1 rapier "Giantbane" {flame, rElec rN+}
  6018 | D:7      | You fall into a shaft and drop 3 floors!
  6018 | D:10     | Entered Level 10 of the Dungeon
  6039 | D:10     | Found a staircase to the Orcish Mines.
  6067 | Orc:1    | Entered Level 1 of the Orcish Mines
  6105 | Orc:1    | Noticed a troll
  6152 | D:10     | Reached skill level 11 in Axes
  6743 | D:10     | Noticed a two-headed ogre
  7024 | D:9      | Reached skill level 12 in Axes
  7139 | D:8      | Found a sparkling altar of Nemelex Xobeh.
  7141 | D:7      | Noticed a troll
  7153 | D:7      | Killed a troll
  7154 | D:7      | Reached XP level 10. HP: 74/90 MP: 10/10
  7744 | D:7      | Found a basalt altar of Yredelemnul.
  8307 | D:8      | Reached skill level 13 in Axes
  8421 | D:8      | Found an ancient bone altar of Kikubaaqudgha.
  8484 | D:8      | Found a sacrificial altar of Ru.
  8503 | D:8      | Identified the +7 flail of Eternity {drain, Int+4}
  8860 | D:8      | Found a staircase to the Lair.
  9378 | Lair:1   | Entered Level 1 of the Lair of Beasts
  9531 | Lair:1   | Reached skill level 10 in Fighting
  9531 | Lair:1   | Reached skill level 14 in Axes
  9531 | Lair:1   | Reached skill level 10 in Armour
  9531 | Lair:1   | Reached XP level 11. HP: 101/101 MP: 11/11
 10227 | Lair:2   | Reached XP level 12. HP: 108/108 MP: 12/12
 10246 | Lair:2   | Reached skill level 15 in Axes
 10288 | Lair:2   | Noticed a skyshark
 10308 | Lair:2   | Killed a skyshark
 10881 | Lair:2   | Reached skill level 16 in Axes
 11126 | Lair:2   | Found a staircase to the Snake Pit.
 11172 | Snake:1  | Entered Level 1 of the Snake Pit
 11173 | Snake:1  | Noticed an anaconda
 11436 | Lair:3   | Noticed a six-headed hydra
 11515 | D:9      | Identified the +10 halberd "Zav Rimioda" {heavy, *Rage
                  | rPois rN++ Dex+2}
 12070 | D:9      | Noticed Maggie
 12080 | D:9      | Killed Maggie
 12371 | D:10     | Noticed Psyche
 12382 | D:10     | Killed Psyche
 12414 | D:10     | Killed a two-headed ogre
 12621 | D:10     | Found a burning altar of Makhleb.
 12659 | D:10     | Became a worshipper of Makhleb the Destroyer
 12687 | D:10     | Found a portal to a secret trove of treasure.
 12887 | D:11     | Reached skill level 10 in Shields
 12936 | D:11     | Noticed a two-headed ogre
 12945 | D:11     | Killed a two-headed ogre
 13199 | D:11     | Identified a scroll of acquirement
 13200 | D:11     | Acquired the +10 broad axe of Fragile Peace {freeze, +Blink
                  | Str+5 Int-4 SInv}
 13562 | D:12     | Reached * piety under Makhleb
 13563 | D:12     | Reached XP level 13. HP: 104/119 MP: 13/13
 13749 | D:12     | Noticed Maurice
 13763 | D:12     | Killed Maurice
 13764 | D:12     | Reached skill level 17 in Axes
 14415 | Orc:2    | Entered Level 2 of the Orcish Mines
 14556 | Orc:2    | Reached ** piety under Makhleb
 14608 | Orc:2    | Found Feamyk's Distillery.
 14620 | Orc:2    | Found Tunkal's General Store.
 14729 | Orc:2    | Reached *** piety under Makhleb
 14731 | Orc:2    | Reached skill level 18 in Axes
 14794 | Orc:2    | Slain by an orc knight

Illustrated notes

Levels and vault maps discovered:
D:1:      dpeg_arrival_tiny_f, layout_basic
D:2:      layout_basic, nicolae_half_adder
D:3:      layout_rooms, dilly_ecumenical_altar_fadedgnrine, serial_bayou_pond_d
D:4:      layout_cave_pods, nicolae_ossuary_entry_ruins, uniq_duvessa,
          uniq_edmund, uniq_eustachio
D:5:      layout_loops_ring, hellmonk_ghost_happy_afterlife,
          chequers_serial_rivers_marsh, kennysheep_another_room
D:6:      layout_basic, nicolae_vehumet_altar_sigil, zin_statuary,
          minmay_temple_entry_grid
D:7:      layout_loops_ring, mainiacjoe_overflow_concentric_impassable,
          enter_bailey_1
D:8:      layout_loops_corners, tgw_kikubaaqudgha,
          nicolae_ru_the_path_less_chosen, mainiacjoe_overflow_chevrons,
          lair_entry_dummy
D:9:      layout_stronghold, chequers_serial_rivers_micro_c, uniq_maggie
D:10:     layout_big_octagon, demons_altar, nicolae_trove_entry_free_sample,
          kennysheep_generic_room_4, uniq_psyche
D:11:     layout_rooms
D:12:     layout_roguey, uniq_maurice
Temple:   nicolae_temple_bog_church
Lair:1:   layout_roguey, eino_small_chamber_without_monster, grunt_megastairs_2
Lair:2:   layout_cave_pods, nicolae_snake_entry_warm_welcome, grunt_megastairs_5
Lair:3:   layout_gridlike, minmay_shoals_entry_lonely_mermaid,
          infiniplex_staircase_pool_2
Snake:1:  layout_honeycomb, uniq_louise
Orc:1:    layout_caves, mines5_lemuel
Orc:2:    pf_orc_diabolical, layout_caves

Skill      XL: |  1  2  3  4  5  6  7  8  9 10 11 12 13 |
---------------+----------------------------------------+-----
Axes           | 3 4 6 8 10 12 14 16 18 | 18.4
Fighting       | 4 5 6 8 10 12 13 | 13.4
Armour         | 4 5 6 8 10 11 12 | 12.2
Shields        | 4 5 6 9 10 | 10.7

Action                     |  1- 3 |  4- 6 |  7- 9 | 10-12 | 13-15 || total
---------------------------+-------+-------+-------+-------+-------++-------
  Melee: War axe           |   100 |   147 |   385 |   466 |     4 ||  1102
         Broad axe         |       |       |       |    14 |   152 ||   166
         Unarmed           |       |       |       |     6 |       ||     6
    Use: Scroll            |     4 |       |     9 |    17 |     1 ||    31
         Potion            |       |     1 |     7 |     3 |     1 ||    12
   Stab: Invisible         |       |     1 |     1 |       |       ||     2
 Armour: Scale mail        |    46 |    40 |       |       |       ||    86
         Chain mail        |       |    31 |   251 |   205 |    43 ||   530
         Skin              |       |       |       |     2 |       ||     2
  Dodge: Dodged            |    52 |    56 |   201 |   213 |   100 ||   622
  Block: Buckler           |    29 |    34 |   108 |   109 |    49 ||   329
